Map: [ESL] NeoHumanity

Players

SKillous

  • Race: Protoss Protoss
  • Spawn Location: 5:00

MaxPax - Winner!

  • Race: Protoss Protoss
  • Spawn Location: 11:00

Event: ESL SC2 Masters 2023 Summer (Regionals)

VOD

https://youtu.be/jECO7x67AVM?t=2457

Description

Time

  • Played on: May 20, 2023, 1:16 p.m.
  • Length: 17:58

All games in this series

Show
View Real Time Build Order
Export as new Build Order

SKillous Protoss 

Build Orders: Oracle Opening 

Get SALT Encoding   

  12  0:00  Probe  
  13  0:12  Probe  
  14  0:18  Pylon  
  14  0:24  Probe  
  15  0:37  Probe (Chrono Boost), Gateway  
  16  0:46  Probe (Chrono Boost), Assimilator  
  17  0:51  Probe (Chrono Boost)  
  17  0:54  Assimilator  
  18  1:03  Probe (Chrono Boost)  
  19  1:07  Gateway  
  19  1:12  Probe (Chrono Boost)  
  19  1:17  Probe (Chrono Boost)  
  20  1:25  Cybernetics Core  
  21  1:29  Probe  
  22  1:34  Pylon  
  22  1:41  Probe  
  23  1:54  Probe  
  24  2:01  Stargate  
  28  2:09  Warp Gate  
  28  2:17  Probe  
  28  2:18  Adept x2  
  28  2:20  Pylon  
  29  2:29  Probe  
  30  2:41  Probe  
  30  2:43  Oracle (Chrono Boost)  
  33  3:02  Nexus  
  33  3:09  Probe  
  33  3:11  Oracle (Chrono Boost)  
  37  3:20  Pylon  
  37  3:25  Probe  
  37  3:37  Probe  
  38  3:49  Probe  
  35  3:57  Twilight Council  
  35  4:00  Stalker  
  35  4:01  Probe  
  35  4:14  Probe (Chrono Boost)  
  35  4:15  Probe (Chrono Boost)  
  39  4:24  Probe x2 (Chrono Boost)  
  39  4:27  Stalker  
  41  4:31  Probe  
  41  4:32  Probe  
  43  4:39  Stalker  
  43  4:42  Blink (Chrono Boost)  
  45  4:52  Stalker  
  47  4:53  Probe  
  47  4:56  Probe  
  49  5:06  Probe  
  47  5:08  Probe  
  47  5:09  Stalker  
  50  5:18  Probe  
  50  5:20  Probe  
  49  5:22  Gateway x2  
  49  5:26  Stalker  
  51  5:33  Sentry  
  51  5:34  Shield Battery  
  53  5:36  Probe  
  53  5:39  Shield Battery  
  53  5:41  Probe  
  55  5:47  Pylon  
  55  5:48  Probe  
  56  5:52  Stalker  
  56  5:53  Probe  
  56  5:56  Stalker  
  61  6:00  Probe  
  61  6:01  Assimilator  
  63  6:17  Stalker x3  
  68  6:19  Probe x2  
  68  6:20  Assimilator  
  68  6:25  Pylon  
  70  6:35  Probe (Chrono Boost)  
  70  6:37  Stalker  
  70  6:41  Probe (Chrono Boost)  
  71  6:47  Probe (Chrono Boost)  
  72  6:55  Probe x2 (Chrono Boost), Nexus  
  73  7:01  Probe  
  73  7:03  Probe  
  73  7:04  Shield Battery  
  75  7:09  Pylon  
  75  7:13  Probe, Stalker, Shield Battery  
  78  7:23  Pylon  
  78  7:25  Forge  
  78  7:27  Pylon  
  78  7:35  Robotics Facility  
  78  7:42  Stalker x2  
  78  7:43  Probe (Chrono Boost)  
  84  7:45  Probe (Chrono Boost), Sentry  
  84  7:47  Probe (Chrono Boost)  
  87  7:52  Pylon  
  87  7:53  Probe, Protoss Ground Weapons Level 1 (Chrono Boost)  
  87  7:54  Charge  
  87  7:57  Probe  
  89  8:05  Probe  
  88  8:09  Probe  
  88  8:10  Stalker  
  88  8:11  Probe, Stalker  
  94  8:16  Stalker  
  94  8:17  Probe  
  97  8:23  Observer (Chrono Boost)  
  97  8:25  Gateway, Sentry  
  97  8:26  Gateway  
  102  8:37  Stalker x2  
  102  8:39  Warp Prism (Chrono Boost)  
  102  8:40  Pylon  
  106  8:43  Stalker  
  108  8:50  Photon Cannon  
  108  8:55  Stalker  
  110  9:04  Stalker x2  
  114  9:10  Photon Cannon  
  114  9:12  Stalker  
  114  9:16  Observer  
  117  9:23  Nexus  
  117  9:24  Stalker x2  
  117  9:25  Pylon, Stalker  
  117  9:30  Stalker  
  125  9:43  Observer  
  122  9:48  Stalker x5  
  122  9:49  Protoss Ground Weapons Level 2 (Chrono Boost)  
  128  9:55  Observer  
  126  10:08  Observer, Stalker  
  126  10:09  Probe  
  126  10:12  Warp Prism  
  131  10:17  Stalker x2  
  131  10:19  Photon Cannon  
  133  10:22  Pylon  
  133  10:23  Pylon, Gateway  
  133  10:24  Gateway  
  127  10:28  Probe  
  127  10:31  Probe x2 (Chrono Boost)  
  127  10:34  Stalker  
  127  10:35  Pylon  
  132  10:39  Forge, Stalker x2  
  132  10:40  Probe (Chrono Boost)  
  132  10:42  Probe (Chrono Boost)  
  138  10:49  Probe x2 (Chrono Boost), Stalker  
  143  10:50  Sentry  
  143  10:51  Stalker  
  143  10:56  Probe (Chrono Boost)  
  146  11:03  Observer  
  146  11:04  Gateway  
  146  11:06  Probe  
  146  11:08  Probe x3, Gateway  
  150  11:12  Protoss Ground Armor Level 1 (Chrono Boost)  
  150  11:15  Robotics Bay  
  150  11:18  Probe  
  151  11:19  Robotics Facility  
  151  11:20  Probe  
  151  11:21  Assimilator  
  151  11:22  Assimilator  
  152  11:27  Probe, Stalker  
  152  11:28  Stalker x3  
  152  11:31  Probe  
  152  11:32  Assimilator x2  
  162  11:33  Probe  
  162  11:38  Pylon  
  162  11:41  Shield Battery  
  162  11:43  Probe x2, Shield Battery  
  164  11:49  Probe x2  
  164  11:52  Observer x2  
  167  11:55  Probe  
  167  11:57  Protoss Ground Weapons Level 3 (Chrono Boost)  
  168  12:02  Photon Cannon  
  168  12:04  Shield Battery  
  168  12:05  Nexus  
  168  12:07  Disruptor (Chrono Boost)  
  168  12:10  Disruptor (Chrono Boost), Shield Battery  
  174  12:20  Stalker x3  
  180  12:29  Pylon  
  180  12:34  Photon Cannon  
  180  12:35  Pylon  
  180  12:40  Probe x4  
  178  12:46  Disruptor  
  178  12:49  Unknown  
  178  12:51  Photon Cannon  
  180  12:53  Probe, Shield Battery  
  180  12:55  Photon Cannon  
  180  12:57  Pylon  
  180  12:58  Stalker x3  
  180  13:04  Pylon  
  186  13:06  Photon Cannon  
  184  13:13  Protoss Air Weapons Level 1 (Chrono Boost), Protoss Ground Armor Level 2 (Chrono Boost)  
  184  13:15  Stalker x2  
  184  13:16  Stalker  
  190  13:20  Nexus  
  190  13:34  Stargate  
  190  13:36  Stargate  
  190  13:37  Stargate  
  190  13:38  Stalker x3  
  196  13:42  Pylon  
  196  13:44  Stargate  
  196  13:47  Cybernetics Core  
  196  13:50  Observer  
  193  13:58  Disruptor  
  196  14:11  Gateway  
  196  14:12  Gateway  
  196  14:13  Observer  
  196  14:14  Gateway, Shield Battery  
  196  14:15  Pylon  
  196  14:16  Gateway  
  191  14:20  Zealot x4  
  197  14:28  Zealot x4  
  177  14:40  Fleet Beacon  
  177  14:43  Disruptor (Chrono Boost)  
  177  14:44  Disruptor (Chrono Boost)  
  177  14:46  Protoss Shields Level 1 (Chrono Boost)  
  177  14:50  Protoss Air Armor Level 1 (Chrono Boost)  
  180  14:54  Unknown  
  180  14:59  Zealot x10  
  198  15:05  Pylon  
  198  15:12  Pylon  
  192  15:27  Stalker x4, Carrier x3  
  193  15:31  Disruptor (Chrono Boost)  
  193  15:32  Disruptor (Chrono Boost)  
  183  15:54  Zealot x9  
  184  15:59  Stalker x2  
  184  16:00  Probe  
  187  16:06  Photon Cannon  
  187  16:11  Zealot x3  
  187  16:14  Zealot x3  
  187  16:16  Zealot x2  
  190  16:18  Zealot  
  190  16:22  Zealot x2  
  178  16:35  Carrier  
  178  16:38  Zealot x2  
  188  16:45  Observer  
  188  16:51  Zealot x5  
  182  16:57  Observer  
  182  16:58  Zealot x3  
  173  17:05  Zealot x2  
  135  17:16  Zealot x4  
  133  17:24  Zealot x2  
  137  17:31  Stalker x2  
  133  17:44  Zealot x3  
  109  17:49  Zealot x2  
Show
View Real Time Build Order
Export as new Build Order

MaxPax Protoss - Winner!

Build Orders: 1 Gate Expand, Phoenix Opening 

Get SALT Encoding   

  12  0:00  Probe  
  13  0:12  Probe  
  14  0:19  Pylon  
  14  0:24  Probe  
  15  0:37  Probe (Chrono Boost)  
  15  0:39  Gateway  
  16  0:46  Probe (Chrono Boost)  
  16  0:47  Assimilator  
  17  0:51  Probe  
  18  1:04  Probe  
  19  1:16  Probe  
  20  1:24  Nexus  
  20  1:34  Cybernetics Core  
  20  1:37  Probe  
  21  1:41  Assimilator  
  21  1:49  Probe  
  21  1:51  Pylon  
  22  2:01  Probe  
  22  2:08  Adept (Chrono Boost)  
  23  2:15  Probe, Stargate  
  26  2:24  Warp Gate  
  26  2:32  Stalker, Shield Battery  
  26  2:35  Probe  
  29  2:40  Probe  
  30  2:47  Probe  
  31  2:52  Probe  
  32  3:04  Void Ray (Chrono Boost)  
  36  3:08  Shield Battery  
  36  3:13  Forge  
  36  3:23  Shield Battery  
  36  3:25  Shield Battery  
  32  3:40  Phoenix  
  31  3:52  Probe  
  31  4:06  Probe  
  31  4:16  Photon Cannon  
  30  4:18  Probe x2  
  32  4:30  Probe  
  33  4:31  Probe  
  39  4:45  Probe  
  39  4:48  Void Ray (Chrono Boost)  
  40  4:53  Stalker  
  41  5:04  Pylon  
  35  5:07  Probe  
  35  5:09  Probe  
  38  5:25  Photon Cannon  
  37  5:29  Probe (Chrono Boost)  
  37  5:30  Probe (Chrono Boost)  
  37  5:32  Oracle (Chrono Boost)  
  41  5:41  Probe (Chrono Boost)  
  42  5:45  Probe (Chrono Boost)  
  42  5:49  Probe (Chrono Boost)  
  44  5:50  Probe (Chrono Boost)  
  44  5:55  Probe  
  46  5:59  Probe  
  46  6:02  Pylon  
  47  6:07  Probe  
  48  6:11  Probe  
  48  6:16  Gateway  
  48  6:18  Twilight Council  
  49  6:25  Stalker  
  52  6:29  Pylon  
  52  6:30  Probe  
  52  6:31  Probe  
  53  6:42  Probe  
  53  6:43  Probe  
  53  6:44  Protoss Ground Weapons Level 1 (Chrono Boost)  
  55  6:49  Blink (Chrono Boost)  
  55  6:54  Probe  
  55  6:56  Probe  
  55  7:00  Gateway  
  55  7:01  Assimilator  
  57  7:06  Probe  
  58  7:11  Probe (Chrono Boost)  
  58  7:14  Gateway  
  59  7:16  Pylon  
  59  7:18  Pylon  
  59  7:19  Probe (Chrono Boost)  
  60  7:24  Probe (Chrono Boost)  
  62  7:30  Probe (Chrono Boost)  
  62  7:33  Probe (Chrono Boost), Stalker x2  
  67  7:44  Pylon  
  67  7:49  Probe  
  68  7:57  Stalker x3  
  74  8:07  Pylon  
  74  8:11  Probe x2  
  76  8:13  Nexus  
  76  8:15  Stalker  
  78  8:22  Stalker  
  78  8:23  Stalker  
  78  8:24  Probe  
  78  8:25  Probe  
  84  8:28  Stalker  
  84  8:32  Shield Battery  
  86  8:36  Probe  
  86  8:38  Probe, Protoss Ground Weapons Level 2 (Chrono Boost)  
  88  8:49  Adept x2  
  88  8:51  Probe  
  93  8:55  Probe  
  93  8:58  Robotics Facility  
  94  9:03  Probe  
  94  9:07  Pylon  
  94  9:08  Probe  
  96  9:10  Assimilator  
  96  9:12  Stalker x3  
  96  9:16  Pylon  
  102  9:24  Probe (Chrono Boost)  
  102  9:25  Probe (Chrono Boost)  
  102  9:26  Probe (Chrono Boost)  
  102  9:30  Photon Cannon  
  105  9:31  Stalker  
  105  9:37  Probe x2 (Chrono Boost)  
  110  9:38  Probe (Chrono Boost)  
  110  9:40  Stalker x2  
  110  9:46  Probe x3 (Chrono Boost)  
  110  9:48  Stalker  
  115  9:57  Probe  
  110  10:04  Stalker x3  
  110  10:07  Probe  
  115  10:09  Shield Battery  
  115  10:11  Photon Cannon  
  115  10:17  Immortal (Chrono Boost)  
  115  10:18  Stalker  
  121  10:25  Gateway  
  121  10:27  Gateway  
  121  10:29  Pylon, Stalker x2  
  121  10:30  Stalker  
  121  10:32  Assimilator x2  
  121  10:35  Probe  
  126  10:43  Stalker  
  126  10:47  Robotics Bay  
  128  10:52  Pylon  
  128  10:55  Observer (Chrono Boost)  
  128  10:56  Photon Cannon  
  129  10:59  Stalker x3  
  129  11:02  Observer  
  131  11:04  Robotics Facility  
  131  11:07  Photon Cannon  
  131  11:08  Pylon  
  131  11:09  Pylon  
  132  11:11  Observer, Stalker  
  132  11:13  Observer  
  132  11:17  Pylon  
  134  11:20  Stalker  
  136  11:29  Stalker x4  
  136  11:30  Observer  
  144  11:35  Disruptor (Chrono Boost)  
  147  11:40  Protoss Ground Weapons Level 3 (Chrono Boost)  
  147  11:41  Pylon  
  147  11:42  Pylon  
  147  11:47  Stalker x2  
  147  11:53  Pylon  
  151  11:59  Probe  
  151  12:03  Disruptor (Chrono Boost)  
  151  12:05  Disruptor (Chrono Boost)  
  154  12:11  Nexus  
  154  12:12  Pylon  
  156  12:23  Probe  
  155  12:31  Disruptor  
  155  12:32  Stalker x5  
  155  12:36  Stalker  
  168  12:45  Probe x2  
  168  12:47  Assimilator  
  168  12:50  Charge (Chrono Boost)  
  170  12:51  Disruptor  
  170  12:52  Probe  
  170  12:55  Assimilator  
  170  12:57  Observer  
  168  13:00  Probe  
  168  13:01  Probe  
  168  13:03  Shield Battery  
  170  13:05  Photon Cannon  
  170  13:07  Gateway  
  170  13:09  Gateway  
  170  13:16  Disruptor  
  170  13:17  Probe  
  174  13:29  Probe  
  174  13:30  Stalker x6  
  174  13:32  Dark Shrine  
  187  13:44  Photon Cannon  
  187  13:46  Disruptor, Pylon x2  
  190  13:51  Gateway  
  186  14:06  Stalker x6  
  196  14:18  Disruptor (Chrono Boost)  
  199  14:30  Stalker  
  177  14:40  Probe x2  
  177  14:42  Disruptor (Chrono Boost)  
  177  14:44  Shadow Stride  
  179  14:48  Disruptor (Chrono Boost)  
  179  14:50  Nexus, Stalker x5  
  179  14:52  Pylon  
  192  14:53  Zealot  
  192  14:58  Zealot x2  
  198  15:00  Dark Templar  
  194  15:25  Disruptor  
  197  15:29  Dark Templar  
  197  15:34  Nexus  
  197  15:56  Stalker  
  179  15:57  Stalker x7  
  179  16:00  Disruptor  
  194  16:04  Pylon  
  194  16:09  Observer  
  189  16:26  Dark Templar x3  
  189  16:27  Dark Templar x2  
  199  16:43  Observer  
  196  16:57  Unknown  
  194  17:07  Stalker x3  
  200  17:10  Photon Cannon, Shield Battery  
  178  17:24  Stalker x3  
  178  17:25  Stalker x3  
  178  17:27  Probe x2  
  192  17:36  Gateway  
  190  17:38  Gateway  
  167  17:47  Nexus  
  167  17:49  Pylon  
  139  17:52  Stalker x9  
Tags
 
Add a new tag
Caveats
  • Supply blocks, unpowered buildings, or Contaminate may cause inaccurate times.
  • Supply counts are checked every 10 seconds.